 Dungeon Crawl Stone Soup version 0.19.1-1-g22dce08 (webtiles) character file.

31852 Dolanko the Carver (level 13, -8/116 HPs)
             Began as a Black Draconian Gladiator on Dec 30, 2016.
             Was an Elder of Makhleb.
             Mangled by a death yak (16 damage)
             ... on level 6 of the Lair of Beasts.
             The game lasted 00:38:35 (16025 turns).

Dolanko the Carver (Black Draconian Gladiator)     Turns: 16025, Time: 00:38:36

Health: -8/116     AC: 13    Str: 20    XL:     13   Next: 28%
Magic:  20/20      EV: 19    Int:  9    God:    Makhleb [****..]
Gold:   585        SH:  0    Dex: 16    Spells: 0 memorised, 12 levels left

rFire  . . .     SeeInvis .     i - +4 great sword (venom)
rCold  . . .     Gourm    .     (armour unavailable)
rNeg   . . .     Faith    .     (shield currently unavailable)
rPois  .         Spirit   .     b - +1 hat
rElec  +         Reflect  .     y - +0 cloak
rCorr  .         Harm     +     H - +0 pair of gloves
MR     +....                    B - +1 pair of boots {run}
Stlth  +.........               w - amulet of harm
                                r - +2 ring of strength
                                N - ring of protection from magic

@: about to teleport, quick
A: breathe lightning, unfitting armour, electricity resistance, cold-blooded, AC
+8
a: Breathe Lightning, Minor Destruction, Lesser Servant of Makhleb, Major
Destruction, Renounce Religion


You were on level 6 of the Lair of Beasts.
You worshipped Makhleb.
Makhleb was greatly pleased with you.
You were not hungry.

You visited 3 branches of the dungeon, and saw 17 of its levels.
You also visited: Ossuary.

You collected 825 gold pieces.
You spent 240 gold pieces at shops.

Inventory:

Hand Weapons
 i - a +4 great sword of venom (weapon)
 v - a +3 scimitar
Missiles
 c - 4 throwing nets (quivered)
Armour
 b - a +1 hat (worn)
 y - a +0 cloak (worn)
 B - a +1 pair of boots of running (worn)
 H - a +0 pair of gloves (worn)
Jewellery
 e - an uncursed ring of positive energy
 r - a +2 ring of strength (right hand)
 w - an amulet of harm (around neck)
 E - an uncursed ring of protection from fire
 N - a ring of protection from magic (left hand)
Wands
 h - a wand of digging (12/24)
 n - a wand of heal wounds (0/9)
 o - a wand of paralysis (5/24)
 C - a wand of confusion (25/48)
 F - a wand of paralysis (7/24)
 J - a wand of flame (12/48)
 M - a wand of teleportation (1/9)
 P - a wand of flame (18/48)
Scrolls
 a - a scroll of recharging
 j - 6 scrolls of remove curse
 p - 8 scrolls of identify
 u - a scroll of teleportation
 x - 3 scrolls of amnesia
 z - 2 scrolls of fog
 K - a scroll of magic mapping
 Q - a scroll of enchant armour
Potions
 l - 5 potions of flight
 m - 4 potions of cure mutation
 q - 2 potions of cancellation
 s - 2 potions of curing
 G - a potion of might
 I - a potion of invisibility
Miscellaneous
 A - 2 sacks of spiders
 O - a phial of floods
Comestibles
 d - 9 bread rations
 f - 10 meat rations
 g - 3 slices of pizza
 k - 13 beef jerkies
 t - 27 fruits
 L - 3 royal jellies


   Skills:
 - Level 11.3 Fighting
 + Level 14.5 Long Blades
 - Level 1.7 Throwing
 * Level 10.0 Dodging
 * Level 10.5 Invocations


You had 12 spell levels left.
You didn't know any spells.

Dungeon Overview and Level Annotations

Branches:
Dungeon (10/15)            Temple (1/1) D:5            Lair (6/6) D:9
 Shoals (0/4) Lair:4       Spider (0/4) Lair:2
  Slime: Lair:5-6       Orc: D:9-12

Altars:
Cheibriados
Dithmenos
Fedhas
Gozag
Kikubaaqudgha
Makhleb
Nemelex Xobeh
Okawaru
Qazlal
Ru
Sif Muna
Trog
Uskayaw
Vehumet
Yredelemnul
Zin
The Shining One

Shops:
D:6 :   D:8 }

Annotations:
D:3 tschems's ghost, amateur HuFi


Innate Abilities, Weirdness & Mutations

You can breathe wild blasts of lightning.
Your glossy black scales are hard. (AC +8)
You cannot fit into any form of body armour.
You are resistant to electric shocks. (rElec)
You are cold-blooded and may be slowed by cold attacks.


Message History

You kill the fire crab!
Makhleb accepts your kill.
You feel better.
You feel better.
You are engulfed in roaring flames.
* * * LOW HITPOINT WARNING * * *
The death yak is engulfed in roaring flames.
Really walk into that cloud of flame?
Okay, then.
A crocodile comes into view.
The death yak gores you.
* * * LOW HITPOINT WARNING * * *
A yak comes into view.
You have got your breath back.
There is a stone staircase leading up here.
As you read the scroll of teleportation, it crumbles to dust.
You feel strangely unstable.
You slash the death yak!
The death yak is lightly wounded.
The death yak gores you!
You die...

#####
######P.#.#
#@........###
##Y.........##
#...........
#.<†Y.....#..
##........#...
#.............
###........#.
#...†...#...
#........##


You could see a death yak and a yak.

Vanquished Creatures
  10 death yaks
  A fire crab (Lair:6)
  A sea snake (Lair:6)
  3 elephants
  Joseph (D:7)
  5 black mambas
  The ghost of Dolanko the Slasher, a novice DrGl of Makhleb (D:4)
  Psyche (D:9)
  6 spiny frogs
  7 komodo dragons
  2 rime drakes
  A troll (D:9)
  A jumping spider (Lair:2)
  A polar bear (Lair:1)
  4 blink frogs (Lair:5)
  2 two-headed ogres (D:9)
  Prince Ribbit (D:7)
  A snapping turtle (Lair:4)
  3 hippogriffs
  Sigmund (D:3)
  3 wyverns
  30 yaks
  A vampire (D:9)
  2 wraiths (Ossuary)
  A basilisk (Lair:6)
  A hungry ghost (D:10)
  5 water moccasins
  12 porcupines
  2 orc warriors
  3 ice beasts
  3 sky beasts
  2 black bears
  3 ogres
  11 wolves
  A centaur (D:8)
  9 crocodiles
  A big kobold (D:8)
  13 bullfrogs
  6 scorpions
  A water moccasin skeleton (D:10)
  2 vampire bats (D:4)
  13 wights
  4 howler monkeys
  2 electric eels (Lair:4)
  4 crimson imps
  5 orc priests
  2 jellies
  2 centaur zombies
  A gnoll shaman (D:9)
  A bullfrog skeleton (D:6)
  3 hounds
  3 orc wizards
  Crazy Yiuf (D:7)
  5 worker ants
  3 iguanas
  3 hell rats
  A killer bee zombie (D:9)
  A worker ant zombie (D:6)
  10 adders
  5 gnolls
  12 river rats
  A shadow imp (D:6)
  An ooze (D:2)
  4 adder zombies
  3 worms
  A dart slug (D:3)
  4 leopard geckos
  23 orcs
  2 ball pythons
  3 bat skeletons (D:4)
  2 bat zombies (D:4)
  7 giant cockroaches
  5 goblins
  8 hobgoblins
  9 jackals
  5 quokkas
  7 bats
  6 frilled lizards
  A giant cockroach zombie (D:4)
  2 hobgoblin skeletons (Ossuary)
  3 hobgoblin zombies (Ossuary)
  9 kobolds
  A kobold zombie (Ossuary)
  2 leopard gecko skeletons (D:4)
  A leopard gecko zombie (D:4)
  2 orc skeletons (Ossuary)
  An orc zombie (Ossuary)
  A quokka zombie (D:4)
  33 rats
  A spectral orc (D:2)
  A fungus (Lair:6)
  3 plants
398 creatures vanquished.

Vanquished Creatures (collateral kills)
  A hydra (Lair:2)
  A death yak (Lair:6)
  2 wolves (Lair:2)
4 creatures vanquished.

Vanquished Creatures (others)
  An orc wizard (D:4)
  8 fungi
  14 plants
23 creatures vanquished.

Grand Total: 425 creatures vanquished

Notes
Turn   | Place    | Note
-------+----------+-------------------------------------------
     0 | D:1      | Dolanko the Draconian Gladiator began the quest for the Orb.
     0 | D:1      | Reached XP level 1. HP: 17/17 MP: 1/1
    84 | D:1      | Reached XP level 2. HP: 1/25 MP: 2/2
  1002 | D:1      | Reached XP level 3. HP: 22/30 MP: 3/3
  1637 | D:2      | Found a sparkling altar of Nemelex Xobeh.
  1654 | D:2      | Reached skill level 4 in Long Blades
  1654 | D:2      | Reached XP level 4. HP: 24/37 MP: 4/4
  2000 | D:2      | Found a basalt altar of Yredelemnul.
  2085 | D:2      | Found a blossoming altar of Fedhas.
  2366 | D:3      | Noticed tschems's ghost (amateur HuFi)
  3012 | D:3      | Noticed Sigmund
  3027 | D:3      | Killed Sigmund
  3027 | D:3      | Reached skill level 5 in Long Blades
  3027 | D:3      | Reached XP level 5. HP: 28/46 MP: 5/5
  3027 | D:3      | Reached XP level 6. HP: 32/52 MP: 6/6
  3427 | D:4      | Found an ancient bone altar of Kikubaaqudgha.
  3629 | D:4      | Found a bloodstained altar of Trog.
  3706 | D:4      | Noticed Dolanko's ghost (novice DrGl)
  3800 | D:4      | Found a hide-covered altar of Uskayaw.
  3905 | D:4      | Your scales start taking on a glossy black colour.
  3905 | D:4      | Reached XP level 7. HP: 18/60 MP: 7/7
  3905 | D:4      | Gained mutation: You are resistant to electric shocks. (rElec) [Black Draconian growth]
  3906 | D:5      | Entered Level 5 of the Dungeon
  4121 | D:4      | Reached skill level 6 in Long Blades
  4197 | D:4      | Killed Dolanko's ghost
  4197 | D:4      | Reached skill level 5 in Fighting
  4197 | D:4      | Reached skill level 7 in Long Blades
  4197 | D:4      | Reached skill level 5 in Dodging
  4340 | D:4      | Reached XP level 8. HP: 68/68 MP: 8/8
  4583 | D:4      | Found a deep blue altar of Sif Muna.
  5753 | D:5      | Found a staircase to the Ecumenical Temple.
  5757 | Temple   | Entered the Ecumenical Temple
  5764 | Temple   | Became a worshipper of Makhleb the Destroyer
  5822 | D:6      | Reached skill level 8 in Long Blades
  5867 | D:6      | Found Yzablix's Book Emporium.
  6608 | D:6      | Reached XP level 9. HP: 44/78 MP: 9/9
  6634 | D:6      | Reached skill level 9 in Long Blades
  7234 | D:7      | Noticed Prince Ribbit
  7242 | D:7      | Killed Prince Ribbit
  7253 | D:7      | Reached * piety under Makhleb
  7433 | D:7      | Found a stormy altar of Qazlal.
  7589 | D:7      | Noticed Joseph
  7601 | D:7      | Killed Joseph
  7601 | D:7      | Reached skill level 10 in Long Blades
  7637 | D:7      | Found a runed door.
  7812 | D:7      | Noticed Crazy Yiuf
  7817 | D:7      | Killed Crazy Yiuf
  8197 | D:8      | Found Morhem's Gadget Shoppe.
  8205 | D:8      | Bought a sack of spiders for 240 gold pieces
  8352 | D:8      | Reached XP level 10. HP: 83/88 MP: 10/10
  8525 | D:8      | Found a sand-covered staircase.
  8529 | Ossuary  | Entered an ossuary
  9128 | D:8      | Identified a scroll of acquirement
  9135 | D:8      | Identified a +1 pair of boots of running (You acquired it on level 8 of the Dungeon)
  9162 | D:9      | Reached ** piety under Makhleb
  9193 | D:9      | Reached skill level 11 in Long Blades
  9775 | D:9      | Found a staircase to the Lair.
  9831 | D:9      | Noticed Psyche
  9845 | D:9      | Killed Psyche
 10198 | D:10     | Entered Level 10 of the Dungeon
 10280 | Lair:1   | Entered Level 1 of the Lair of Beasts
 10281 | Lair:1   | Noticed a black mamba
 10285 | Lair:1   | Killed a black mamba
 10317 | Lair:1   | Reached *** piety under Makhleb
 10370 | Lair:1   | Noticed a black mamba
 10377 | Lair:1   | Killed a black mamba
 10377 | Lair:1   | Reached skill level 12 in Long Blades
 10385 | Lair:1   | Reached XP level 11. HP: 62/97 MP: 11/11
 10524 | Lair:1   | Reached skill level 1 in Invocations
 10717 | Lair:1   | Reached skill level 10 in Fighting
 11284 | Lair:2   | Noticed a five-headed hydra
 11388 | Lair:2   | Killed a five-headed hydra
 11582 | Lair:2   | Found a hole to the Spider Nest.
 11587 | Lair:2   | Reached skill level 13 in Long Blades
 11696 | Lair:2   | Reached skill level 5 in Invocations
 12292 | Lair:3   | Reached **** piety under Makhleb
 12312 | Lair:3   | Reached XP level 12. HP: 82/108 MP: 16/16
 12998 | Lair:4   | Noticed a death yak
 12999 | Lair:4   | Noticed a death yak
 13019 | Lair:4   | Killed a death yak
 13025 | Lair:4   | Killed a death yak
 13421 | Lair:4   | Found a staircase to the Shoals.
 13814 | Lair:5   | Reached skill level 14 in Long Blades
 14180 | Lair:6   | Entered Level 6 of the Lair of Beasts
 14851 | Lair:5   | Noticed a death yak
 14854 | Lair:5   | Noticed a death yak
 14855 | Lair:5   | Noticed a death yak
 14860 | Lair:5   | Killed a death yak
 14867 | Lair:5   | Killed a death yak
 14872 | Lair:5   | Killed a death yak
 15493 | Lair:6   | Reached XP level 13. HP: 100/116 MP: 20/20
 15563 | Lair:6   | Reached skill level 10 in Invocations
 15733 | Lair:5   | Reached skill level 10 in Dodging
 16015 | Lair:6   | HP: 2/116 [fire crab] (22)]
 16025 | Lair:6   | Mangled by a death yak

Skill      XL: |  1  2  3  4  5  6  7  8  9 10 11 12 13 |
---------------+----------------------------------------+-----
Dodging        | 3 4 5 6 7 8 9 10 | 10.0
Long Blades    | 4 5 7 8 10 12 13 14 | 14.5
Fighting       | 3 4 5 6 8 9 10 11 | 11.3
Invocations    | 6 9 10 | 10.5
Throwing       | |  1.7

Action                   |  1- 3 |  4- 6 |  7- 9 | 10-12 | 13-15 || total
-------------------------+-------+-------+-------+-------+-------++-------
Melee: Long sword        |   100 |   142 |   248 |       |       ||   490
       Tailslap          |    10 |    38 |    54 |    83 |    12 ||   197
       Great sword       |       |       |    73 |   429 |    49 ||   551
       Scimitar          |       |       |       |    13 |       ||    13
Throw: Throwing net      |     2 |       |       |       |       ||     2
Invok: Lesser Servant of |       |       |       |     2 |     3 ||     5
 Abil: Breathe Lightning |       |       |    17 |    11 |     1 ||    29
Evoke: Wand              |       |     2 |     9 |       |     4 ||    15
  Use: Scroll            |       |     7 |    11 |    14 |     2 ||    34
       Potion            |       |     6 |     1 |     3 |     2 ||    12
 Stab: Sleeping          |     2 |     2 |     1 |     4 |       ||     9
  Eat: Chunk             |     2 |     7 |     7 |    10 |     2 ||    28
       Bread ration      |       |       |     2 |       |       ||     2
       Meat ration       |       |       |     1 |       |       ||     1
       Fruit             |       |       |       |    15 |       ||    15
Armor: Skin              |    28 |    50 |    64 |    97 |    21 ||   260
Dodge: Dodged            |    64 |   162 |   211 |   420 |    44 ||   901
       Rpst.: Long sword |    15 |    60 |    42 |       |       ||   117
       Great sword       |       |       |    18 |   121 |    12 ||   151
